 Dungeon Crawl Stone Soup version 0.30-a0-263-ge22c4ad894 (webtiles) character file.

Game seed: 11988597274797034702

102 Red5 the Chiller (level 5, -2/35 HPs)
             Began as a Human Ice Elementalist on Oct 13, 2022.
             Slain by a goblin
             ... wielding a +0 dagger
             ... led by Robin
              (4 damage)
             ... on level 2 of the Dungeon.
             The game lasted 00:19:45 (1734 turns).

Red5 the Chiller (Human Ice Elementalist)           Turns: 1734, Time: 00:19:46

Health: -2/35      AC:  2    Str:  8      XL:     5   Next: 6%
Magic:  7/9        EV: 12    Int: 15 (16) God:
Gold:   79         SH:  0    Dex: 11 (13) Spells: 3/10 levels left

rFire   . . .      SeeInvis .    c - +0 whip
rCold   . . .      Faith    .    (no shield)
rNeg    . . .      Spirit   .    a - +0 robe
rPois   .          Reflect  .    (helmet restricted)
rElec   .          Harm     .    (no cloak)
rCorr   .          Rampage  .    (no gloves)
Will    .....                    (no boots)
Stlth   ++........               (no amulet)
HPRegen 0.25/turn                (no ring)
MPRegen 0.11/turn                (no ring)

@: no status effects
A: horns 1, dopey 1
a: no special abilities


You were on level 2 of the Dungeon.
You visited 1 branch of the dungeon, and saw 2 of its levels.

You collected 79 gold pieces.

Inventory:

Hand Weapons
 b - a +0 dagger
 c - a +0 whip (weapon)
 i - a +2 sling of freezing
Missiles
 d - 15 stones (quivered)
Armour
 a - a +0 robe (worn)
 f - a +0 ring mail
Scrolls
 g - a scroll of teleportation
Potions
 e - 2 potions of attraction
 h - a potion of heal wounds


   Skills:
 + Level 0.2 Fighting
 + Level 2.2 Dodging
 + Level 2.1 Stealth
 + Level 3.2 Spellcasting
 + Level 5.0 Ice Magic


You had 3 spell levels left.
You knew the following spells:

 Your Spells              Type           Power      Damage    Failure   Level
a - Freeze                Ice            68%        1d8       2%          1
b - Ozocubu's Armour      Ice            17%        N/A       8%          3
c - Frozen Ramparts       Ice            34%        1d6       8%          3

Your spell library contained the following spells:

 Spells                   Type           Power      Damage    Failure   Level
 Gell's Gravitas          Tloc           2%         N/A       52%         3
 Teleport Other           Tloc           2%         N/A       52%         3
 Summon Ice Beast         Ice/Summ       9%         N/A       56%         4
 Dispersal                Tloc           1%         N/A       100%        6


Dungeon Overview and Level Annotations

Branches:
Dungeon (2/15)

Altars:

Annotations:
D:2 Robin


Innate Abilities, Weirdness & Mutations

You have a pair of small horns on your head.
You are dopey. (Int -2)


Message History

The goblin attacks as you move away!
The goblin hits you with a +0 dagger. 3 goblins come into view.
The goblin shouts!
A ball python comes into view.
The goblin barely misses you.
The goblin moves out of view.
Things that are here:
a +0 dagger; a +0 dagger; a goblin corpse The goblin attacks as you move away!
The goblin hits you with a +0 dagger.
The goblin unwields a +0 club.
The goblin wields a +0 sling.
The goblin shoots a sling bullet.
The sling bullet hits you.
Robin says, "My goblins will feast on your bones."
The goblin shoots a sling bullet.
The sling bullet barely misses you.
Robin roars a battlecry!
The goblin goes into a battle-frenzy!
The goblin shoots a sling bullet.
The sling bullet completely misses you.
Casting: Freeze (safe; 2% risk of failure)
Confirm with . or Enter, or press ? or * to list all spells.
Aiming: Freeze (safe; 2% risk of failure)
Press: ? - help, Shift-Dir - straight line, f - goblin
Aim: a goblin, wielding a +0 dagger (strong)
You freeze the goblin!
You kill the goblin!
Robin says, "We wiped out the hill dwarves - you're next!"
Robin throws the goblin at you! The goblin hits you with a +0 dagger.
The goblin hits you with a +0 club.
* * * LOW HITPOINT WARNING * * *
There is a stone staircase leading down here.
Things that are here:
a +0 dagger; a goblin corpse The goblin closely misses you.
The goblin hits you with a +0 dagger.
* * * LOW HITPOINT WARNING * * *
Robin throws the goblin at you! The goblin completely misses you.
The ball python bites you.
* * * LOW HITPOINT WARNING * * *
The ball python grabs you.
You stop descending the stairs.
The ball python constricts you.
Unknown command.
You escape the ball python's grasp.
The goblin barely misses you. The goblin hits you with a +0 dagger.
You die...

### .... ##### ##
.....#... # #.
........#.# .. #.
########g#.#....
+.
.......g@Sg'....
#.
###..###g###....
#. #<. #gg.g....
....
#####.###g#####.#
...
..K...#..gg.g....
.... #...........
. .. #......<....
... #...........
... ##'#+#######


You could see Robin, 8 goblins and a ball python.

Vanquished Creatures
  A scorpion (D:2)
  A dart slug (D:2)
  4 ball pythons
  4 endoplasms (D:2)
  3 giant cockroaches
  3 hobgoblins (D:2)
  2 quokkas (D:1)
  4 bats
  3 frilled lizards
  7 goblins
  4 kobolds
  4 rats
40 creatures vanquished.

Notes
Turn   | Place    | Note
-------+----------+-------------------------------------------
     0 | D:1      | Red5 the Human Ice Elementalist began the quest for the
                  | Orb.
     0 | D:1      | Reached XP level 1. HP: 13/13 MP: 3/3
   273 | D:1      | Reached XP level 2. HP: 18/19 MP: 3/5
   979 | D:2      | Reached XP level 3. HP: 24/24 MP: 4/6
  1143 | D:2      | Noticed a scorpion
  1157 | D:2      | Killed a scorpion
  1158 | D:2      | Reached skill level 5 in Ice Magic
  1158 | D:2      | Reached XP level 4. HP: 17/30 MP: 1/8
  1363 | D:2      | Learned a level 3 spell: Ozocubu's Armour
  1429 | D:2      | Gained mutation: You have a pair of small horns on your
                  | head. [potion of mutation]
  1429 | D:2      | Gained mutation: You are dopey. (Int -2) [potion of
                  | mutation]
  1460 | D:2      | Reached XP level 5. HP: 26/35 MP: 3/9
  1551 | D:2      | Learned a level 3 spell: Frozen Ramparts
  1718 | D:2      | Noticed Robin
  1733 | D:2      | HP: 1/35 [ball python (3)]
  1734 | D:2      | Slain by a goblin

Illustrated notes

Levels and vault maps discovered:
D:1:      dpeg_arrival_rhombi, layout_basic
D:2:      layout_basic, basic_altar, uniq_robin, uniq_jessica

Skill      XL: |  1  2  3 |
---------------+----------+-----
Spellcasting   | 3 |  3.2
Ice Magic      | 5 |  5.0
Fighting       | |  0.2
Dodging        | |  2.2
Stealth        | |  2.1

Action                   |  1- 3 |  4- 6 || total
-------------------------+-------+-------++-------
Melee: Unarmed           |     1 |       ||     1
       Whip              |     4 |     3 ||     7
 Cast: Freeze            |    43 |    18 ||    61
       Ozocubu's Armour  |       |     1 ||     1
  Use: Scroll            |     3 |     1 ||     4
       Potion            |     4 |     2 ||     6
 Stab: Sleeping          |     1 |       ||     1
Armor: Robe              |     8 |     3 ||    11
Dodge: Dodged            |    29 |    28 ||    57

Table legend: (Time is in decaauts)
 A = Elapsed time spent in this place.
 B = Non-inter-level travel time spent in this place.
 C = Inter-level travel time spent in this place.
 D = Time resting spent in this place.
 E = Time spent auto-exploring this place.
 F = Levels seen in this place.
 G = Mean time per level.
                   A        B        C        D        E       F      G
               +--------+--------+--------+--------+--------+-----+--------+
         Total |   1734 |   1734 |      0 |    261 |    130 |   2 |  867.0 |
       Dungeon |   1734 |   1734 |      0 |    261 |    130 |   2 |  867.0 |
               +--------+--------+--------+--------+--------+-----+--------+

Top non-repeatable levels by time:
     D:2: 897 daAuts
     D:1: 836 daAuts
